 Dungeon Crawl Stone Soup version 0.28-a0-895-g6e5f11bd55 (webtiles) character file.

Game seed: 1339675027136603791

10358 karkarkar the Grappler (level 11, -1/101 HPs)
             Began as a Troll Fighter on Nov 21, 2021.
             Was a Believer of Uskayaw.
             Slain by an eight-headed hydra (11 damage)
             ... on level 10 of the Dungeon on Nov 23, 2021.
             The game lasted 00:40:17 (8926 turns).

karkarkar the Grappler (Troll Fighter)              Turns: 8926, Time: 00:40:18

Health: -1/101     AC:  7    Str: 25    XL:     11   Next: 35%
Magic:  23/23      EV: 11    Int:  8    God:    Uskayaw [**....]
Gold:   573        SH: 14    Dex: 12    Spells: 10/10 levels left

rFire   + + +      SeeInvis .     - Unarmed
rCold   . . .      Faith    .   b - +0 kite shield
rNeg    + + +      Spirit   .   B - +0 robe of the Leaf {rElec rF++ Int-2 Archmagi}
rPois   .          Reflect  +   g - +2 hat "Kicyucwa" {Regen+ Dex+3}
rElec   +          Harm     .   u - +0 cloak
rCorr   .          Rampage  .   (gloves unavailable)
Will    .....      Archmagi +   (boots unavailable)
Stlth   ++........              i - amulet of reflection
HPRegen 2.26/turn               v - ring of protection from fire
MPRegen 0.18/turn               G - ring "Caocaif" {rElec rN+++ MP+9 Str-4 Int+6}

@: about to teleport
A: large, unfitting armour, claws 3, regeneration 1, shaggy fur 1, tough skin 1
a: Renounce Religion, Stomp, Line Pass


You were on level 10 of the Dungeon.
You worshipped Uskayaw.
Uskayaw was noncommittal.
You visited 1 branch of the dungeon, and saw 11 of its levels.

You collected 764 gold pieces.
You spent 191 gold pieces at shops.

Inventory:

Missiles
 a - 4 boomerangs
 m - 29 poisoned darts
 J - 9 large rocks
Armour
 b - a +0 kite shield (worn)
 g - the +2 hat "Kicyucwa" (worn) {Regen+ Dex+3}
   (You acquired it on level 4 of the Dungeon)

   Dex:       It affects your dexterity (+3).
   Regen:     It increases your rate of health regeneration.
 u - a +0 cloak (worn)
 B - the +0 robe of the Leaf (worn) {rElec rF++ Int-2 Archmagi}
   (You bought it in a shop on level 7 of the Dungeon)

   Int:       It affects your intelligence (-2).
   rF:        It greatly protects you from fire.
   rElec:     It insulates you from electricity.
   Archmagi:  It increases the power of your magical spells.
 F - +0 steam dragon scales
Jewellery
 i - an amulet of reflection (around neck)
 v - a ring of protection from fire (left claw)
 E - a ring of resist corrosion
 G - the ring "Caocaif" (right claw) {rElec rN+++ MP+9 Str-4 Int+6}
   (You acquired it on level 10 of the Dungeon)

   [ring of intelligence]

   Str:       It affects your strength (-4).
   Int:       It affects your intelligence (+6).
   rElec:     It insulates you from electricity.
   rN:        It renders you almost immune to negative energy.
   MP:        It affects your magic capacity (+9).
Wands
 o - a wand of polymorph (8)
 w - a wand of mindburst (14)
 x - a wand of flame (20) (quivered)
 y - a wand of charming (12)
 A - a wand of acid (5)
 K - a wand of iceblast (1)
Scrolls
 d - 2 scrolls of enchant armour
 f - 2 scrolls of immolation
 j - 4 scrolls of amnesia
 l - 4 scrolls of teleportation
 q - 2 scrolls of magic mapping
 r - 2 scrolls of noise
 C - a scroll of torment
 D - 3 scrolls of fog
Potions
 c - 2 potions of might
 h - a potion of resistance {unknown}
 k - 5 potions of curing
 n - 5 potions of lignification
 s - a potion of haste {unknown}
 t - a potion of flight {unknown}
 z - a potion of mutation
 H - a potion of attraction {unknown}


   Skills:
 + Level 4.6 Fighting
 - Level 1.3 Throwing
 + Level 6.6 Dodging
 - Level 1.0 Stealth
 + Level 7.6 Shields
 + Level 11.2 Unarmed Combat
 * Level 5.6 Invocations
 + Level 1.8 Evocations


You had 10 spell levels left.
You didn't know any spells.
Your spell library contained the following spells:

 Spells                   Type           Power      Damage    Failure   Level
 Blink                    Tloc           0%         N/A       65%         2
 Sublimation of Blood     Necr           0%         N/A       65%         2
 Wereblood                Tmut           0%         N/A       65%         2
 Conjure Flame            Conj/Fire      0%         6-21      86%         3
 Gell's Gravitas          Tloc           0%         N/A       86%         3
 Ignite Poison            Fire/Tmut/Pois 0%         N/A       86%         3
 Lesser Beckoning         Tloc           0%         N/A       86%         3
 Teleport Other           Tloc           0%         N/A       86%         3
 Sticky Flame             Conj/Fire      0%         2d3       99%         4
 Manifold Assault         Tloc           0%         N/A       100%        5
 Summon Hydra             Summ           0%         N/A       100%        7


Dungeon Overview and Level Annotations

Branches:
Dungeon (11/15)            Temple (0/1) D:5            Lair (0/6) D:9
    Orc (0/2) D:9

Altars:
Ashenzari
Cheibriados
Dithmenos
Makhleb
Ru
Sif Muna
Trog
Uskayaw
Vehumet
Wu Jian
Yredelemnul
The Shining One

Shops:
D:1 (   D:5 *   D:7 [   D:11 (*!!

Annotations:
D:3 2 transporters, Zonian's ghost, amateur DsIE
D:6 exclusion: statue


Innate Abilities, Weirdness & Mutations

You are too large for most types of armour.
You have claws for hands.
Your natural rate of healing is unusually fast.
You are covered in fur. (AC +1)
You have tough skin. (AC +1)


Message History

The eight-headed hydra bites you but does no damage.
The eight-headed hydra barely misses you.
The eight-headed hydra bites you but does no damage. x3
The eight-headed hydra bites you.
You block the eight-headed hydra's attack.
The eight-headed hydra bites you but does no damage.
The eight-headed hydra misses you. The eight-headed hydra bites you!
The eight-headed hydra bites you but does no damage.
You block the eight-headed hydra's attack.
The eight-headed hydra bites you!
The sentinel's mark upon you fades away.
The eight-headed hydra is no longer covered in acid.
You can no longer pass through a line of other dancers.
The puff of flame hits the eight-headed hydra!
The eight-headed hydra is heavily wounded.
You block the eight-headed hydra's attack.
The eight-headed hydra closely misses you.
The eight-headed hydra completely misses you.
You block the eight-headed hydra's attack.
The eight-headed hydra bites you.
You block the eight-headed hydra's attack.
The eight-headed hydra bites you but does no damage.
The eight-headed hydra barely misses you.
The puff of flame hits the eight-headed hydra.
The eight-headed hydra is heavily wounded.
The eight-headed hydra bites you!
The eight-headed hydra closely misses you. x2
The eight-headed hydra bites you! x2
* * * LOW HITPOINT WARNING * * *
The eight-headed hydra bites you but does no damage.
You block the eight-headed hydra's attack.
The eight-headed hydra bites you but does no damage.
You can now pass through a line of other dancers.
As you read the scroll of teleportation, it crumbles to dust.
You feel strangely unstable. The eight-headed hydra bites you.
* * * LOW HITPOINT WARNING * * *
The eight-headed hydra bites you!
* * * LOW HITPOINT WARNING * * *
The eight-headed hydra bites you!
You die...

########## ## #........# #.
#..(.....# #. #
#........#####################.
###........'....@D........<....[.
..#........#####################.
#.+........# #. ###........# #.
###'###### ## #=....# #
#########'### ###########
............###########..........
............'...........#########


You could see an eight-headed hydra.

Vanquished Creatures
  A boulder beetle (D:11)
  A two-headed ogre (D:11)
  A tengu warrior (D:10)
  2 cyclopes (D:11)
  2 centaur zombies
  An unseen horror (D:7)
  A tengu conjurer (D:10)
  A troll (D:11)
  A hornet (D:8)
  Grinder (D:5)
  A shadow (D:10)
  Sigmund (D:4)
  4 yaks (D:11)
  2 wyverns
  A wraith (D:11)
  3 steam dragons (D:9)
  Edmund (D:4)
  3 acid dragons
  3 wargs (D:9)
  2 water moccasins (D:6)
  3 ice beasts
  2 sky beasts
  Pargi (D:4)
  2 ogres (D:6)
  2 orc warriors
  3 necrophages
  2 centaurs
  Blork the orc (D:5)
  2 kobold brigands (D:8)
  A gnoll sergeant (D:10)
  A scorpion (D:4)
  7 killer bees
  3 wights (D:8)
  4 howler monkeys
  8 orc priests
  Crazy Yiuf (D:4)
  A centaur skeleton (D:5)
  3 hounds
  3 bullfrog skeletons
  Jessica (D:2)
  Natasha (thrice) (D:4)
  2 iguanas
  10 orc wizards
  2 killer bee zombies (D:7)
  8 adders
  4 gnolls (D:10)
  3 white imps
  An ufetubus (D:7)
  8 worms
  2 dart slugs (D:1)
  30 orcs
  9 ball pythons
  A bat (D:2)
  5 endoplasms
  3 giant cockroaches
  6 goblins
  6 hobgoblins
  4 jackals (D:3)
  11 kobolds
  A quokka (D:4)
  A frilled lizard (D:3)
  A goblin skeleton (D:4)
  2 goblin zombies (D:4)
  A hobgoblin zombie (D:4)
  A kobold skeleton (D:4)
  2 kobold zombies (D:4)
  An orc skeleton (D:4)
  4 rats
216 creatures vanquished.

Vanquished Creatures (others)
  A plant (D:9)
1 creature vanquished.

Grand Total: 217 creatures vanquished

Notes
Turn   | Place    | Note
-------+----------+-------------------------------------------
     0 | D:1      | karkarkar the Troll Fighter began the quest for the Orb.
     0 | D:1      | Reached XP level 1. HP: 22/22 MP: 0/0
   255 | D:1      | Found Fihothag's Antique Weapon Emporium.
   259 | D:1      | Reached XP level 2. HP: 29/29 MP: 1/1
   282 | D:1      | Found a faded altar of an unknown god.
   887 | D:2      | Found a snail-covered altar of Cheibriados.
   889 | D:2      | Noticed Jessica
   899 | D:2      | Killed Jessica
   900 | D:2      | Reached XP level 3. HP: 22/36 MP: 2/2
  1247 | D:3      | Reached XP level 4. HP: 44/44 MP: 3/3
  1455 | D:3      | Reached skill level 3 in Unarmed Combat
  1459 | D:3      | Reached XP level 5. HP: 51/52 MP: 4/4
  1595 | D:3      | Found a transporter.
  1596 | D:3      | Noticed Zonian's ghost (amateur DsIE)
  1597 | D:3      | Found a transporter.
  1597 | D:3      | Noticed an ogre
  1597 | D:3      | Noticed an ogre
  1984 | D:4      | Noticed Edmund
  2056 | D:4      | Reached skill level 4 in Unarmed Combat
  2056 | D:4      | Reached XP level 6. HP: 61/61 MP: 5/5
  2143 | D:4      | Found a glowing golden altar of the Shining One.
  2209 | D:4      | Found a bloodstained altar of Trog.
  2372 | D:4      | Noticed Sigmund
  2388 | D:4      | Killed Sigmund
  2389 | D:4      | Reached skill level 1 in Throwing
  2389 | D:4      | Reached skill level 1 in Stealth
  2389 | D:4      | Reached skill level 5 in Unarmed Combat
  2389 | D:4      | Reached XP level 7. HP: 51/67 MP: 6/6
  2443 | D:4      | Found a runed translucent door.
  2444 | D:4      | Noticed Crazy Yiuf
  2503 | D:4      | Found a shimmering blue altar of Sif Muna.
  2527 | D:4      | Noticed Pargi
  2548 | D:4      | Killed Pargi
  2679 | D:4      | Found a broken altar of Ashenzari.
  2682 | D:4      | Noticed Natasha
  2689 | D:4      | Killed Natasha
  2770 | D:4      | Noticed Natasha
  2776 | D:4      | Killed Natasha
  2958 | D:4      | Noticed Natasha
  2971 | D:4      | Killed Edmund
  2972 | D:4      | Reached skill level 6 in Unarmed Combat
  2976 | D:4      | Killed Natasha
  3066 | D:4      | Killed Crazy Yiuf
  3078 | D:4      | Identified a scroll of acquirement
  3078 | D:4      | Acquired the +2 hat "Kicyucwa" {Regen+ Dex+3}
  3146 | D:5      | Entered Level 5 of the Dungeon
  3181 | D:5      | Reached XP level 8. HP: 75/75 MP: 7/7
  3236 | D:5      | Found an ornate altar of the Wu Jian Council.
  3248 | D:5      | Found Ycukh's Assorted Antiques.
  3389 | D:5      | Found a hide-covered altar of Uskayaw.
  3396 | D:5      | Became a worshipper of Uskayaw the Reveller
  3570 | D:5      | Found a staircase to the Ecumenical Temple.
  3587 | D:5      | Noticed Grinder
  3587 | D:5      | Noticed Blork the orc
  3599 | D:5      | Reached * piety under Uskayaw
  3604 | D:5      | Reached ** piety under Uskayaw
  3609 | D:5      | Killed Blork the orc
  3632 | D:5      | Paralysed by Grinder for 6 turns
  3643 | D:5      | Killed Grinder
  3644 | D:5      | Reached skill level 5 in Shields
  3644 | D:5      | Reached skill level 7 in Unarmed Combat
  4060 | D:5      | Reached skill level 1 in Invocations
  4350 | D:6      | Found a burning altar of Makhleb.
  4359 | D:6      | Reached XP level 9. HP: 78/83 MP: 9/9
  4360 | D:6      | Reached *** piety under Uskayaw
  4362 | D:6      | Reached skill level 8 in Unarmed Combat
  4373 | D:6      | Found a snail-covered altar of Cheibriados.
  4377 | D:6      | Found a basalt altar of Yredelemnul.
  4585 | D:6      | Found a radiant altar of Vehumet.
  4849 | D:7      | Found Yclasuh's Antique Armour Shoppe.
  4854 | D:7      | Bought an opalescent robe for 119 gold pieces
  4854 | D:7      | Identified the +0 robe of the Leaf {rElec rF++ Int-2
                  | Archmagi} (You bought it in a shop on level 7 of the
                  | Dungeon)
  4938 | D:7      | Killed an unseen horror
  5117 | D:7      | Reached skill level 5 in Dodging
  5258 | D:7      | Upgraded the game from 0.28-a0-883-gc8d7bad45d to
                  | 0.28-a0-895-g6e5f11bd55
  5386 | D:8      | Paralysed by a hornet for 2 turns
  5469 | D:8      | Reached skill level 9 in Unarmed Combat
  6141 | D:9      | Reached XP level 10. HP: 89/92 MP: 11/11
  6216 | D:9      | Found a staircase to the Lair.
  6229 | D:9      | Reached **** piety under Uskayaw
  6551 | D:9      | Found a staircase to the Orcish Mines.
  6664 | D:10     | Entered Level 10 of the Dungeon
  6669 | D:10     | Acquired the ring "Caocaif" {rElec rN+++ MP+9 Str-4 Int+6}
  7014 | D:10     | Noticed a tengu warrior
  7036 | D:10     | Killed a tengu warrior
  7037 | D:10     | Reached skill level 10 in Unarmed Combat
  7037 | D:10     | Reached skill level 1 in Evocations
  7083 | D:10     | Found a shadowy altar of Dithmenos.
  7509 | D:10     | Found a sacrificial altar of Ru.
  7691 | D:11     | Found Wogemamem's Distillery.
  7758 | D:11     | Noticed a boulder beetle
  7781 | D:11     | Killed a boulder beetle
  7782 | D:11     | Reached skill level 5 in Invocations
  7872 | D:11     | Found Fiuddag's General Store.
  7875 | D:11     | Noticed a cyclops
  7890 | D:11     | Killed a cyclops
  7891 | D:11     | Reached XP level 11. HP: 90/101 MP: 13/13
  7922 | D:11     | Bought a scroll of identify for 36 gold pieces
  7922 | D:11     | Bought a scroll of identify for 36 gold pieces
  7946 | D:11     | Noticed a six-headed hydra
  8106 | D:11     | Noticed a two-headed ogre
  8119 | D:11     | Killed a two-headed ogre
  8297 | D:11     | Reached skill level 11 in Unarmed Combat
  8397 | D:11     | Found Wioptut's Weapon Shoppe.
  8422 | D:11     | Found Hiyg's Distillery.
  8926 | D:10     | Slain by an eight-headed hydra

Illustrated notes

Levels and vault maps discovered:
D:1:      saegor_arrival_simple_a, layout_basic,
          shapermc_ecumenical_altar_acropolis, serial_shops,
          nicolae_shop_crystal, minmay_tiny_reverse_x
D:2:      layout_rooms, basic_altar, uniq_jessica
D:3:      layout_loops_ring, gammafunk_ghost_smash,
          nicolae_concentric_dashed_squares_mild, nicolae_wormholes
D:4:      layout_loops_ring, nicolae_tso_besieged_by_evil,
          trog_three_pillars_becter, cheibrodos_ashenzari_chains,
          nicolae_sif_muna_little_library, minmay_surrounded, uniq_sigmund,
          uniq_pargi, uniq_natasha, uniq_crazy_yiuf_cottage, uniq_edmund
D:5:      layout_basic, pdpol_wu_jian_five_deadly_venoms,
          nicolae_uskayaw_murder_on_the_dancefloor,
          minmay_temple_entry_sparse_star, serial_shops, nicolae_shop_trees,
          kennysheep_generic_room_9, uniq_blork_the_orc, uniq_grinder
D:6:      layout_cave_pools, vehumet_statue, minmay_overflow_temple_star_quad
D:7:      layout_rooms, serial_shops, shop
D:8:      layout_basic, nicolae_figureground_sparkle
D:9:      cheibrodos_steamvent, layout_rooms, erik_lair_orcish_takeover
D:10:     layout_roguey, marbit_many_paths, nicolae_dithmenos_the_darkroom
D:11:     layout_irregular_city, serial_shops, shop, nicolae_stop_n_shop_2,
          nicolae_inconvenience_store, shop_statue

Skill      XL: |  1  2  3  4  5  6  7  8  9 10 11 |
---------------+----------------------------------+-----
Dodging        | 3 4 5 6 |  6.6
Shields        | 3 4 5 6 7 |  7.6
Unarmed Combat | 3 4 5 6 7 9 10 11 | 11.2
Fighting       | 3 4 |  4.6
Throwing       | 1 |  1.3
Stealth        | 1 |  1.0
Invocations    | 1 3 5 |  5.6
Evocations     | 1 |  1.8

Action                   |  1- 3 |  4- 6 |  7- 9 | 10-12 || total
-------------------------+-------+-------+-------+-------++-------
Melee: Unarmed           |    65 |   154 |   235 |   201 ||   655
Throw: Dart              |       |    13 |    65 |    31 ||   109
       Javelin           |       |       |       |    26 ||    26
       Boomerang         |       |       |       |    12 ||    12
       Large rock        |       |       |       |     7 ||     7
Invok: Stomp             |       |       |     2 |     7 ||     9
       Line Pass         |       |       |     1 |     3 ||     4
Evoke: Wand              |       |       |     8 |    18 ||    26
  Use: Scroll            |     4 |     2 |    11 |     6 ||    23
       Potion            |       |     1 |     1 |     3 ||     5
 Stab: Sleeping          |     1 |     1 |     2 |       ||     4
       Paralysed         |       |       |     2 |     7 ||     9
       Confused          |       |       |       |     1 ||     1
Armor: Robe              |    20 |    22 |    53 |    52 ||   147
Dodge: Dodged            |    21 |    28 |    55 |    80 ||   184
Block: Kite shield       |    29 |    77 |   153 |   190 ||   449
       Reflection        |       |     2 |     8 |     6 ||    16

Table legend: (Time is in decaauts)
 A = Elapsed time spent in this place.
 B = Non-inter-level travel time spent in this place.
 C = Inter-level travel time spent in this place.
 D = Time resting spent in this place.
 E = Time spent auto-exploring this place.
 F = Levels seen in this place.
 G = Mean time per level.
                   A        B        C        D        E       F      G
               +--------+--------+--------+--------+--------+-----+--------+
         Total |   8988 |   8662 |    326 |    188 |   6311 |  11 |  817.1 |
       Dungeon |   8988 |   8662 |    326 |    188 |   6311 |  11 |  817.1 |
               +--------+--------+--------+--------+--------+-----+--------+

Top non-repeatable levels by time:
    D:11: 1224 daAuts
     D:4: 1158 daAuts
     D:5: 1064 daAuts
    D:10: 1045 daAuts
     D:8: 801 daAuts
     D:3: 792 daAuts
     D:1: 782 daAuts
     D:9: 589 daAuts
     D:7: 534 daAuts
     D:6: 529 daAuts
     D:2: 466 daAuts
